 Dungeon Crawl Stone Soup version 0.22-a0-362-g535178c (webtiles) character file.

135 dstrtnsr the Chiller (level 5, -3/37 HPs)
             Began as a Gnoll Ice Elementalist on Apr 22, 2018.
             Slain by an ogre
             ... wielding a +0 giant club
              (12 damage)
             ... on level 4 of the Dungeon.
             The game lasted 00:06:11 (959 turns).

dstrtnsr the Chiller (Gnoll Ice Elementalist)        Turns: 959, Time: 00:06:12

Health: -3/37      AC: 17    Str: 10    XL:     5   Next: 18%
Magic:  12/12      EV:  2    Int: 18    God:
Gold:   40         SH:  0    Dex: 16    Spells: 6/14 levels left

rFire    . . .     SeeInvis .   k - +0 trident
rCold    + . .     Gourm    .   (no shield)
rNeg     . . .     Faith    .   n - +7 plate armour of the Prince of Darkness {rCorr}
rPois    .         Spirit   .   (no helmet)
rElec    .         Reflect  .   (no cloak)
rCorr    +         Harm     .   (no gloves)
MR       .....                  (no boots)
Stlth    ..........             (no amulet)
HPRegen  0.12/turn              c - ring of protection from cold
MPRegen  0.13/turn              (no ring)

@: no status effects
A: distributed training, fangs 1, strong nose
a: no special abilities


You were on level 4 of the Dungeon.
You were hungry.

You visited 1 branch of the dungeon, and saw 4 of its levels.

You collected 40 gold pieces.

Inventory:

Hand Weapons
 b - a +0 dagger
 i - a +0 dagger
 k - a +0 trident (weapon)
Missiles
 d - 6 javelins (quivered)
 h - 5 stones
 j - 26 arrows
Armour
 e - a +0 leather armour
 n - the +7 plate armour of the Prince of Darkness (worn) {rCorr}
   (You found it on level 4 of the Dungeon)

   It protects you from acid and corrosion.
Jewellery
 c - a ring of protection from cold (left hand)
Scrolls
 g - a scroll of teleportation {unknown}
 m - a scroll of identify {unknown}
Potions
 a - a potion of curing {unknown}
Comestibles
 l - 4 rations {!d}


   Skills:
 + Level 1.3 Fighting
 + Level 1.3 Short Blades
 + Level 1.3 Long Blades
 + Level 1.3 Axes
 + Level 1.3 Maces & Flails
 + Level 1.3 Polearms
 + Level 1.3 Staves
 + Level 1.3 Slings
 + Level 1.3 Bows
 + Level 1.3 Crossbows
 + Level 1.3 Throwing
 + Level 1.3 Armour
 + Level 4.7 Dodging
 + Level 4.3 Stealth
 + Level 1.3 Shields
 + Level 1.3 Unarmed Combat
 + Level 5.1 Spellcasting
 + Level 2.3 Conjurations
 + Level 1.1 Hexes
 + Level 1.1 Charms
 + Level 1.1 Summonings
 + Level 1.1 Necromancy
 + Level 1.1 Translocations
 + Level 1.1 Transmutations
 + Level 1.1 Fire Magic
 + Level 5.5 Ice Magic
 + Level 1.1 Air Magic
 + Level 1.1 Earth Magic
 + Level 1.1 Poison Magic
 + Level 1.5 Invocations
 + Level 1.3 Evocations


You had 6 spell levels left.
You knew the following spells:

 Your Spells              Type           Power        Failure   Level  Hunger
a - Freeze                Ice            ###.         100%        1    None
i - Summon Ice Beast      Ice/Summ       ###.....     100%        4    ####...
o - Ozocubu's Armour      Chrm/Ice       ###.....     100%        3    ##.....


Dungeon Overview and Level Annotations

Branches:
Dungeon (4/15)
 Temple: D:4-7

Altars:

Annotations:
D:2 Sigmund


Innate Abilities, Weirdness & Mutations

Your experience applies equally to all skills.
You have very sharp teeth.
Your uncanny sense of smell can sniff out nearby items.


Message History

Aim: a worm You reach to attack!
You puncture the worm!
The worm is heavily wounded.
Attack whom?
Press: ? - help, Dir - move target cursor, f/p - worm
Aim: a worm (moderately wounded)
You reach to attack!
You hit the worm.
The worm is heavily wounded.
Attack whom?
Press: ? - help, Dir - move target cursor, f/p - worm
Aim: a worm (heavily wounded)
You reach to attack!
You hit the worm.
The worm is heavily wounded.
Attack whom?
Press: ? - help, Dir - move target cursor, f/p - worm
Aim: a worm (moderately wounded)
You reach to attack!
You hit the worm.
The worm is severely wounded.
Attack whom?
Press: ? - help, Dir - move target cursor, f/p - worm
Aim: a worm (heavily wounded)
You reach to attack!
You puncture the worm!
The worm is almost dead.
Attack whom?
Press: ? - help, Dir - move target cursor, f/p - worm
Aim: a worm (almost dead)
You reach to attack!
You hit the worm.
The worm is almost dead.
Attack whom?
Press: ? - help, Dir - move target cursor, f/p - worm
Aim: a worm (almost dead)
You reach to attack!
You barely miss the worm.
The worm is almost dead.
Attack whom?
Press: ? - help, Dir - move target cursor, f/p - worm
Aim: a worm (severely wounded)
You reach to attack!
You barely miss the worm.
The worm is severely wounded.
Attack whom?
Press: ? - help, Dir - move target cursor, f/p - worm
Aim: a worm (severely wounded)
You reach to attack!
You puncture the worm!
You kill the worm!
Found a fine plate armour.
You see here a fine plate armour.
n - a fine plate armour Wear which item? (? for menu, Esc to quit)
Your cursed +0 leather armour is stuck to your body!
Unknown command.
Okay, then.
As you read the scroll labeled PEKUSI SILIUNYOTI, it crumbles to dust.
You feel as if something is helping you.
It was a scroll of remove curse.
Unknown command.
Wear which item? (? for menu, Esc to quit)
You start removing your armour.
You continue taking off your +0 leather armour. x4
You finish taking off your +0 leather armour.
You start putting on your armour.
You continue putting on your fine plate armour. x5
You finish putting on the +7 plate armour of the Prince of Darkness {rCorr}.
Casting: Freeze (safe; 100% risk of failure)
Confirm with . or Enter, or press ? or * to list all spells.
Okay, then.
Unknown command.
Wield which item (- for none, * to show all)? (? for menu, Esc to quit)
Okay, then.
You are feeling hungry.
There is an escape hatch in the floor here.
You open the door.
An ogre and a skeleton come into view.
The ogre shouts!
You puncture the ogre!
The ogre is moderately wounded.
The ogre hits you with a giant club!
* * * LOW HITPOINT WARNING * * *
Huge Dmg: -27%(-10hp) hp: 44%(16hp)
Your plate armour of the Prince of Darkness prevents you from hitting the ogre.
The ogre is moderately wounded.
The ogre completely misses you.
Unknown command.
Evoke which item? (* to show all) (? for menu, Esc to quit)
Okay, then.
You hit the ogre.
The ogre is moderately wounded.
The ogre hits you but does no damage.
Unknown command.
You puncture the ogre!
The ogre is severely wounded.
The ogre hits you but does no damage.
Unknown command.
You hit the ogre.
The ogre is severely wounded.
The ogre hits you with a giant club!
* * * LOW HITPOINT WARNING * * *
Huge Dmg: -19%(-7hp) hp: 25%(9hp)
You hit the ogre.
The ogre is severely wounded.
The ogre hits you with a giant club!
You die...

........# #######.# #.#
######### #.# #....... . #(
.# # #.# #...... ... ...
#######.# ..... .#. .#.
......#.# .Z. >. .. .####.#.#
#O# #.#.# ....# #.# #@# ...#
..#.# #.# #.# #..# ..#.# #.#
#.# ##..# ....# #.# #># #...#
....# #.# #.########.#.#
....# #.# #............#
....#.#.########............#
............................#
..................+#......#.#


You could see an ogre and an adder skeleton.

Vanquished Creatures
  3 worker ants (D:4)
  A hound skeleton (D:4)
  An adder skeleton (D:4)
  A worm (D:4)
  A leopard gecko (D:3)
  4 orcs
  A giant cockroach (D:1)
  5 goblins
  5 hobgoblins
  8 jackals (D:4)
  2 kobolds
  A quokka (D:3)
  2 bats (D:1)
  A frilled lizard (D:1)
  A leopard gecko skeleton (D:4)
  6 rats
43 creatures vanquished.

Vanquished Creatures (others)
  A bat (D:2)
1 creature vanquished.

Grand Total: 44 creatures vanquished

Notes
Turn   | Place    | Note
-------+----------+-------------------------------------------
     0 | D:1      | dstrtnsr the Gnoll Ice Elementalist began the quest for the Orb.
     0 | D:1      | Reached XP level 1. HP: 13/13 MP: 6/6
   115 | D:1      | Reached XP level 2. HP: 14/19 MP: 4/7
   323 | D:2      | Reached XP level 3. HP: 19/25 MP: 1/9
   365 | D:2      | Noticed Sigmund
   384 | D:2      | Reached skill level 5 in Spellcasting
   432 | D:3      | Learned a level 3 spell: Ozocubu's Armour
   545 | D:4      | Reached skill level 1 in Invocations
   708 | D:4      | Reached skill level 1 in Fighting
   708 | D:4      | Reached skill level 1 in Short Blades
   708 | D:4      | Reached skill level 1 in Long Blades
   708 | D:4      | Reached skill level 1 in Axes
   708 | D:4      | Reached skill level 1 in Maces & Flails
   708 | D:4      | Reached skill level 1 in Polearms
   708 | D:4      | Reached skill level 1 in Staves
   708 | D:4      | Reached skill level 1 in Slings
   708 | D:4      | Reached skill level 1 in Bows
   708 | D:4      | Reached skill level 1 in Crossbows
   708 | D:4      | Reached skill level 1 in Throwing
   708 | D:4      | Reached skill level 1 in Armour
   708 | D:4      | Reached skill level 1 in Shields
   708 | D:4      | Reached skill level 1 in Unarmed Combat
   708 | D:4      | Reached skill level 1 in Evocations
   708 | D:4      | Reached XP level 4. HP: 26/32 MP: 11/11
   722 | D:4      | Learned a level 4 spell: Summon Ice Beast
   736 | D:4      | Reached skill level 1 in Hexes
   736 | D:4      | Reached skill level 1 in Charms
   736 | D:4      | Reached skill level 1 in Summonings
   736 | D:4      | Reached skill level 1 in Necromancy
   736 | D:4      | Reached skill level 1 in Translocations
   736 | D:4      | Reached skill level 1 in Transmutations
   736 | D:4      | Reached skill level 1 in Fire Magic
   736 | D:4      | Reached skill level 1 in Air Magic
   736 | D:4      | Reached skill level 1 in Earth Magic
   736 | D:4      | Reached skill level 1 in Poison Magic
   736 | D:4      | HP: 12/32 [poisoned by a worker ant]
   741 | D:4      | HP: 10/32 [poisoned by a worker ant]
   749 | D:4      | HP: 8/32 [poisoned by a worker ant]
   757 | D:4      | HP: 7/32 [poisoned by a worker ant]
   762 | D:4      | HP: 2/32 [worker ant (4)]
   764 | D:4      | Reached XP level 5. HP: 3/37 MP: 0/12
   879 | D:4      | Got a fine plate armour
   902 | D:4      | Identified the +7 plate armour of the Prince of Darkness {rCorr} (You found it on level 4 of the Dungeon)
   953 | D:4      | Noticed an ogre
   958 | D:4      | HP: 9/37 [ogre/giant club (8)]
   959 | D:4      | Slain by an ogre

Vault maps used:
D:1:      eino_arrival_water_cross, minmay_heptomino_d4
D:2:      lemuel_another_geyser, uniq_jessica, uniq_sigmund
D:3:      gammafunk_steamed_eel, grunt_qazlal_clouds, marbit_many_paths,
          first_ration, uniq_robin
D:4:      grunt_ministairs_15, chequers_big_river, st_stairs_8

Skill      XL: |  1  2  3  4 |
---------------+-------------+-----
Conjurations   | 2 |  2.3
Spellcasting   | 5 |  5.1
Invocations    | 1 |  1.5
Fighting       | 1 |  1.3
Short Blades   | 1 |  1.3
Long Blades    | 1 |  1.3
Axes           | 1 |  1.3
Maces & Flails | 1 |  1.3
Polearms       | 1 |  1.3
Staves         | 1 |  1.3
Slings         | 1 |  1.3
Bows           | 1 |  1.3
Crossbows      | 1 |  1.3
Throwing       | 1 |  1.3
Armour         | 1 |  1.3
Shields        | 1 |  1.3
Unarmed Combat | 1 |  1.3
Evocations     | 1 |  1.3
Hexes          | 1 |  1.1
Charms         | 1 |  1.1
Summonings     | 1 |  1.1
Necromancy     | 1 |  1.1
Translocations | 1 |  1.1
Transmutations | 1 |  1.1
Fire Magic     | 1 |  1.1
Air Magic      | 1 |  1.1
Earth Magic    | 1 |  1.1
Poison Magic   | 1 |  1.1
Dodging        | |  4.7
Stealth        | |  4.3
Ice Magic      | |  5.5

Action                   |  1- 3 |  4- 6 || total
-------------------------+-------+-------++-------
Melee: Trident           |    36 |    34 ||    70
       Bite              |     3 |     1 ||     4
Throw: Javelin           |     2 |       ||     2
 Cast: Freeze            |    44 |     6 ||    50
       Summon Ice Beast  |       |     1 ||     1
  Use: Scroll            |       |     1 ||     1
 Stab: Sleeping          |     1 |     1 ||     2
Armor: Leather armour    |     7 |     3 ||    10
       Plate armour      |       |     2 ||     2
Dodge: Dodged            |    57 |    20 ||    77

Table legend:
 A = Spawn XP
 B = Non-spawn XP
 C = Spawn XP percentage of total XP
 D = Spawn monster count
 E = Non-spawn monster count
 F = Spawn count percentage of total count
 G = Total turns spent on level
                    A         B        C        D         E        F      G
               +---------+---------+-------+---------+---------+-------+---------
         Total |       0 |     194 |   0.0 |       0 |      43 |   0.0 |   959
               +---------+---------+-------+---------+---------+-------+---------
           D:1 |       0 |      20 |   0.0 |       0 |      12 |   0.0 |   234
           D:2 |       0 |      19 |   0.0 |       0 |      10 |   0.0 |   122
           D:3 |       0 |      13 |   0.0 |       0 |       6 |   0.0 |   135
           D:4 |       0 |     142 |   0.0 |       0 |      15 |   0.0 |   468
               +---------+---------+-------+---------+---------+-------+---------
